 Dungeon Crawl Stone Soup version 0.21.1 (webtiles) character file.

3866 yogidapunk the Nimble (level 9, -15/55 HPs)
             Began as a Deep Elf Fire Elementalist on Feb 3, 2018.
             Was a Believer of Kikubaaqudgha.
             Demolished by funslinger's ghost (18 damage)
             ... on level 8 of the Dungeon.
             The game lasted 00:21:08 (9577 turns).

yogidapunk the Nimble (Deep Elf Fire Elementalist)  Turns: 9577, Time: 00:21:08

Health: -15/55     AC:  8    Str:  5    XL:     9   Next: 99%
Magic:  2/15       EV: 18    Int: 29    God:    Kikubaaqudgha [**....]
Gold:   241        SH:  0    Dex: 15    Spells: 3/14 levels left

rFire    . . .     SeeInvis +   b - +4 hunting sling "Beastbane" {venom, SInv Stlth+}
rCold    . . .     Gourm    .   (no shield)
rNeg     . . .     Faith    .   H - +0 steam dragon scales
rPois    .         Spirit   .   l - +2 hat
rElec    .         Reflect  .   (no cloak)
rCorr    .         Harm     .   j - +0 pair of gloves
MR       .....                  (no boots)
Stlth    +++.......             (no amulet)
HPRegen  0.18/turn              I - +5 ring of intelligence
MPRegen  0.14/turn              y - ring of wizardry

@: no status effects
A: no striking features
a: Receive Corpses, Renounce Religion


You were on level 8 of the Dungeon.
You worshipped Kikubaaqudgha.
Kikubaaqudgha was pleased with you.
You were not hungry.

You visited 2 branches of the dungeon, and saw 9 of its levels.

You collected 385 gold pieces.
You spent 144 gold pieces at shops.

Inventory:

Hand Weapons
 a - a +2 short sword of draining
 b - the +4 hunting sling "Beastbane" (weapon) {venom, SInv Stlth+}
   (You found it on level 5 of the Dungeon)

   It poisons the ammo it fires.
   It lets you see invisible.
   It makes you more stealthy.
 u - a +2 dagger of speed
 F - a +0 blowgun
Missiles
 t - 20 poisoned needles
 G - 121 stones (quivered)
Armour
 j - a +0 pair of gloves (worn)
 l - a +2 hat (worn)
 p - a +0 robe
 H - +0 steam dragon scales (worn)
Jewellery
 y - a ring of wizardry (right hand)
 C - an uncursed ring of stealth
 E - an uncursed ring of resist corrosion
 I - a +5 ring of intelligence (left hand)
Wands
 x - a wand of paralysis (10)
Scrolls
 h - a scroll of immolation {unknown}
 k - 4 scrolls of remove curse
 n - 4 scrolls of teleportation {unknown}
 o - 2 scrolls of noise {unknown}
 q - 2 scrolls of fear {unknown}
 r - 5 scrolls of identify {unknown}
 v - 3 scrolls of enchant weapon {unknown}
 z - 2 scrolls of fog {unknown}
 A - a scroll of blinking {unknown}
 J - a scroll of magic mapping {unknown}
 K - a scroll of random uselessness {unknown}
Potions
 d - 2 potions of flight {unknown}
 e - 3 potions of berserk rage {unknown}
 f - 2 potions of might {unknown}
 g - 4 potions of curing {unknown}
 i - 2 potions of resistance {unknown}
 m - a potion of cancellation {unknown}
 w - 6 potions of heal wounds {unknown}
 B - a potion of agility {unknown}
Books
 s - a book of Flames

   Spells                             Type                      Level
   a - Flame Tongue                   Conjuration/Fire             1
   b - Throw Flame                    Conjuration/Fire             2
   c - Conjure Flame                  Conjuration/Fire             3
   d - Inner Flame                    Hexes/Fire                   3
   e - Sticky Flame                   Conjuration/Fire             4
   f - Fireball                       Conjuration/Fire             5
 D - Kikubaaqudgha's Tome of Darkness
   (Kikubaaqudgha gifted it to you on level 5 of the Dungeon)

   Spells                             Type                      Level
   a - Animate Skeleton               Necromancy                   1
   b - Pain                           Necromancy                   1
   c - Sublimation of Blood           Necromancy                   2
   d - Regeneration                   Charms/Necromancy            3
Comestibles
 c - 9 rations


   Skills:
 * Level 6.2 Fighting
 + Level 9.5 Dodging
 - Level 2.4 Stealth
 - Level 3.0 Spellcasting
 - Level 7.2 Conjurations
 - Level 5.6 Necromancy
 - Level 6.2 Fire Magic


You had 3 spell levels left.
You knew the following spells:

 Your Spells              Type           Power        Failure   Level  Hunger
a - Flame Tongue          Conj/Fire      #####        1%          1    None
b - Conjure Flame         Conj/Fire      #####...     1%          3    ###....
c - Sticky Flame          Conj/Fire      #####...     1%          4    ####...
d - Animate Skeleton      Necr           N/A          1%          1    None
e - Sublimation of Blood  Necr           #####.....   1%          2    #......


Dungeon Overview and Level Annotations

Branches:
Dungeon (8/15)             Temple (1/1) D:4
   Lair: D:8-11

Altars:
Ashenzari
Cheibriados
Dithmenos
Elyvilon
Fedhas
Gozag
Hepliaklqana
Kikubaaqudgha
Makhleb
Nemelex Xobeh
Okawaru
Ru
Sif Muna
Trog
Uskayaw
Vehumet
Wu Jian
Xom
Yredelemnul
Zin
The Shining One
Beogh

Shops:
D:4 }   D:6 %

Annotations:
D:3 exclusion: downstairs
D:4 exclusion: downstairs
D:8 funslinger's ghost, novice TrMo


Message History

Press: ? - help, Shift-Dir - straight line, f/p - phantom
Aim: a phantom (heavily damaged)
You shoot a stone.
The stone hits funslinger's ghost but does no damage.
Funslinger's ghost is severely damaged.
Funslinger's ghost is engulfed in blazing flames.
Funslinger's ghost hits you but does no damage.
Funslinger's ghost is engulfed in blazing flames.
Funslinger's ghost whispers, "You will understand me better in a moment."
Funslinger's ghost hits you!
* * * LOW HITPOINT WARNING * * *
The phantom blinks!
Funslinger's ghost says, "I sacrificed my body for ultimate power!"
A centaur comes into view.
The centaur shouts!
There is a stone staircase leading up here.
Okay, then.
Funslinger's ghost hits you!!
You die...
Kikubaaqudgha rasps: "You have failed me!
Welcome... death!"

### ..# #.# #.#
######.#
#..@W..#
#.###rc########
.. #..........
#.# ##r.#######
# #Z.#
.#.#####..#
....Zr(.(.#
....#####.# .
#.#


You could see a centaur, funslinger's ghost and a quokka.

Vanquished Creatures
  A hippogriff (D:7)
  Eustachio (D:4)
  A hungry ghost (D:7)
  A steam dragon (D:6)
  3 yaks (D:7)
  Menkaure (D:5)
  An orc warrior (D:6)
  A phantom (D:7)
  5 ogres
  A centaur (D:6)
  A big kobold (D:7)
  5 bullfrogs
  4 scorpions
  3 wights (D:6)
  2 crimson imps
  A quasit (D:6)
  A centaur skeleton (D:5)
  5 hounds
  5 orc priests
  An iron imp (D:7)
  2 jellies
  5 orc wizards
  2 gnoll shamans (D:6)
  4 iguanas
  Natasha (D:4)
  Terence (D:3)
  3 worker ants
  A killer bee zombie (D:6)
  A hound skeleton (D:4)
  10 adders
  17 gnolls
  An adder skeleton (D:4)
  3 worms (D:3)
  2 dart slugs
  3 leopard geckos
  15 orcs
  2 ball pythons
  2 giant cockroaches
  9 goblins
  6 hobgoblins
  19 jackals
  5 quokkas
  6 bats
  3 frilled lizards
  A jackal skeleton (D:5)
  11 kobolds
  A leopard gecko skeleton (D:5)
  A leopard gecko zombie (D:5)
  3 rats
184 creatures vanquished.

Vanquished Creatures (others)
  9 fungi (D:5)
9 creatures vanquished.

Grand Total: 193 creatures vanquished

Notes
Turn   | Place    | Note
-------+----------+-------------------------------------------
     0 | D:1      | yogidapunk the Deep Elf Fire Elementalist began the quest for the Orb.
     0 | D:1      | Reached XP level 1. HP: 10/10 MP: 6/6
   364 | D:1      | Reached XP level 2. HP: 15/15 MP: 5/8
   966 | D:1      | Reached XP level 3. HP: 19/19 MP: 5/9
   972 | D:1      | Learned a level 3 spell: Conjure Flame
  1140 | D:2      | Found a sparkling altar of Nemelex Xobeh.
  1156 | D:2      | Reached XP level 4. HP: 24/24 MP: 0/10
  1778 | D:3      | Noticed Terence
  1783 | D:3      | Killed Terence
  1783 | D:3      | Reached skill level 5 in Conjurations
  1940 | D:3      | Reached XP level 5. HP: 4/28 MP: 6/11
  2223 | D:3      | Found a glowing drain.
  2577 | D:3      | Learned a level 4 spell: Sticky Flame
  2702 | D:4      | Noticed Eustachio
  2793 | D:4      | Noticed an ogre
  2852 | D:4      | Killed an ogre
  2852 | D:4      | Reached XP level 6. HP: 32/32 MP: 7/12
  2967 | D:4      | Found a staircase to the Ecumenical Temple.
  3188 | D:4      | Noticed Natasha
  3195 | D:4      | Killed Natasha
  3373 | D:4      | Found Muylieso's Gadget Boutique.
  3386 | D:4      | Reached skill level 5 in Fire Magic
  3392 | D:4      | Bought a wand of paralysis (10) for 144 gold pieces
  3536 | D:4      | Killed Eustachio
  3536 | D:4      | Reached XP level 7. HP: 36/36 MP: 4/13
  3660 | D:4      | Found a roughly hewn altar of Beogh.
  3681 | D:5      | Entered Level 5 of the Dungeon
  4439 | D:4      | Found a shadowy altar of Dithmenos.
  4598 | D:5      | Noticed Menkaure
  4626 | Temple   | Entered the Ecumenical Temple
  4932 | Temple   | Became a worshipper of Kikubaaqudgha
  5034 | D:5      | Reached skill level 3 in Dodging
  5321 | D:5      | Killed Menkaure
  5321 | D:5      | Reached skill level 5 in Dodging
  5410 | D:5      | Reached skill level 6 in Dodging
  5410 | D:5      | Reached XP level 8. HP: 41/41 MP: 4/14
  5673 | D:5      | Reached * piety under Kikubaaqudgha
  5673 | D:5      | Identified Kikubaaqudgha's Tome of Darkness (Kikubaaqudgha gifted it to you on level 5 of the Dungeon)
  5673 | D:5      | Received a gift from Kikubaaqudgha
  5699 | D:5      | Learned a level 1 spell: Animate Skeleton
  5702 | D:5      | Learned a level 2 spell: Sublimation of Blood
  5938 | D:5      | Reached skill level 1 in Necromancy
  6248 | D:5      | Got a bloodstained hunting sling
  6250 | D:5      | Identified the +4 hunting sling "Beastbane" {venom, SInv Stlth+} (You found it on level 5 of the Dungeon)
  6757 | D:6      | Found Luki's Food Emporium.
  6842 | D:6      | Reached skill level 5 in Necromancy
  7087 | D:6      | Reached skill level 1 in Fighting
  7087 | D:6      | Reached skill level 7 in Dodging
  7288 | D:6      | Reached XP level 9. HP: 48/49 MP: 6/15
  7318 | D:6      | Reached ** piety under Kikubaaqudgha
  7663 | D:6      | Found an ancient bone altar of Kikubaaqudgha.
  7783 | D:6      | Reached skill level 8 in Dodging
  8136 | D:7      | Found a flagged portal.
  8386 | D:7      | Found a snail-covered altar of Cheibriados.
  8697 | D:7      | Reached skill level 5 in Fighting
  8748 | D:7      | Reached skill level 9 in Dodging
  9449 | D:8      | Found a shimmering altar of Xom.
  9549 | D:8      | Noticed funslinger's ghost (novice TrMo)
  9569 | D:8      | HP: 2/55 [funslinger's ghost (16)]
  9577 | D:8      | Demolished by funslinger's ghost

Skill      XL: |  1  2  3  4  5  6  7  8  9 |
---------------+----------------------------+-----
Conjurations   | 2 3 4 5 6 7 |  7.2
Fire Magic     | 4 5 6 |  6.2
Dodging        | 6 7 9 |  9.5
Necromancy     | 5 |  5.6
Fighting       | 2 6 |  6.2
Stealth        | |  2.4
Spellcasting   | |  3.0

Action                   |  1- 3 |  4- 6 |  7- 9 || total
-------------------------+-------+-------+-------++-------
Melee: Short sword       |       |     1 |    18 ||    19
 Fire: Hunting sling     |       |       |    75 ||    75
 Cast: Flame Tongue      |    49 |   104 |   247 ||   400
       Conjure Flame     |       |     1 |     1 ||     2
       Sticky Flame      |       |     3 |    30 ||    33
  Use: Scroll            |       |       |     1 ||     1
 Stab: Sleeping          |       |     1 |       ||     1
  Eat: Chunk             |       |     7 |    13 ||    20
       Ration            |       |       |     5 ||     5
Armor: Robe              |     3 |    17 |     8 ||    28
       Steam dragon scal |       |       |    22 ||    22
Dodge: Dodged            |    20 |    45 |   149 ||   214
